 Dungeon Crawl Stone Soup version bcrawl-1.19.2-6-g6a88ae04c9 (webtiles) character file.

Game seed: 775363063255526643

647 Mrkan the Archer (level 7, 0/60 HPs)
             Began as a Centaur Hunter on Jan 14, 2020.
             Slain by a sky beast (6 damage)
             ... on level 4 of the Dungeon.
             The game lasted 00:07:09 (4275 turns).

Mrkan the Archer (Centaur Hunter)                   Turns: 4275, Time: 00:07:10

Health: 0/60       AC: 10    Str: 16    XL:     7   Next: 27%
Magic:  7/7        EV:  2    Int: 10    God:
Gold:   445        SH:  0    Dex: 10    Spells: 6/6 levels left

rFire    . . .     SeeInvis .   b - +0 short sword
rCold    . . .     Gourm    .   (no shield)
rNeg     . . .     Faith    .   r - +0 plate armour
rPois    .         Spirit   .   (no helmet)
rElec    .         Reflect  .   p - +0 cloak
rCorr    .         Harm     .   k - +0 pair of gloves (curse)
MR       .....                  (no barding)
Stlth    ..........             (no amulet)
HPRegen  0.20/turn              (no ring)
MPRegen  0.10/turn              (no ring)

@: very quick
A: large, hooves 3, deformed body, speed 2, tough skin 3
a: no special abilities


You were on level 4 of the Dungeon.
You were not hungry.

You visited 1 branch of the dungeon, and saw 4 of its levels.

You collected 445 gold pieces.

Inventory:

Hand Weapons
 a - a +2 shortbow
 b - a +0 short sword (weapon)
Missiles
 d - 377 arrows
Armour
 k - a cursed +0 pair of gloves (worn)
 p - a +0 cloak (worn)
 r - a +0 plate armour (worn)
Jewellery
 c - an uncursed ring of stealth {unknown}
 q - a cursed amulet of regeneration {unknown}
 D - an uncursed ring of protection from fire {unknown}
Wands
 t - a wand of disintegration (4)
 w - a wand of polymorph (1)
Scrolls
 e - 6 scrolls of identify {unknown}
 h - a scroll of amnesia {unknown}
 m - 2 scrolls of teleportation {unknown}
 n - 2 scrolls of enchant weapon {unknown}
 u - 2 scrolls of enchant armour {unknown}
 y - a scroll of fog {unknown}
Potions
 g - 2 potions of lignification {unknown}
 i - a potion of heal wounds {unknown}
 j - a potion of mutation {unknown}
 l - 2 potions of berserk rage {unknown}
 o - 3 potions of invisibility {unknown}
 s - 2 potions of brilliance {unknown}
 v - a potion of agility {unknown}
 x - a potion of ambrosia {unknown}
 A - 2 potions of haste {unknown}
 B - a potion of cancellation {unknown}
 C - a potion of flight {unknown}
Comestibles
 f - 11 rations {!d}
 z - a chunk of flesh


   Skills:
 + Level 4.9 Fighting
 * Level 10.0 Bows
 - Level 1.3 Dodging
 - Level 0.5 Stealth


You had 6 spell levels left.
You didn't know any spells.
Your spell library was empty.

Dungeon Overview and Level Annotations

Branches:
Dungeon (4/12)
 Temple: D:4-7

Altars:

Annotations:
D:3 1 runed translucent door, Mrkan's ghost, amateur MiFi


Innate Abilities, Weirdness & Mutations

You have hooves in place of feet.
Armour fits poorly on your strangely shaped body.
You cover ground very quickly.
You have extremely tough skin. (AC +3)


Message History

You hit something. Your kick misses something.
Something hits you but does no damage.
You closely miss something. Something hits you but does no damage.
You miss something. Something hits you. Something shocks you.
* * * LOW HITPOINT WARNING * * *
Your plate armour prevents you from hitting something.
Something hits you.
* * * LOW HITPOINT WARNING * * *
Something shocks you.
* * * LOW HITPOINT WARNING * * *
You closely miss something. Something hits you but does no damage.
A sky beast appears from thin air!
Reactivating autopickup.
The sky beast hits you but does no damage.
You hit the sky beast.
The sky beast is almost dead.
The sky beast hits you.
* * * LOW HITPOINT WARNING * * *
The sky beast shocks you.
You die...

.#.... ... ....# #..(.
.#..## #..... .##..
#....###.. .. ##.....
......... .. .......
........# #.# .......
.>.###..## #.# .......
#####....####.####......
# ##.###)......@Y..#
#.## ##...##.....# ##.#
##.....#.##..# ###.##
#..##....# .... ##..#
###.#####..## ....
....###...# ##..##....#
.#(.......##
##........##
.##........###..###....#
.#.............## .#...
.


You could see a sky beast.

Vanquished Creatures
  Sigmund (D:3)
  An ogre (D:4)
  A scorpion (D:3)
  2 crimson imps (D:4)
  Jessica (D:3)
  Ijyb (D:3)
  2 worker ants (D:4)
  4 gnolls (D:3)
  3 adders
  2 oozes
  2 worms
  5 dart slugs
  5 leopard geckos
  8 orcs
  A ball python (D:1)
  7 bats
  2 giant cockroaches
  2 goblins
  10 hobgoblins
  10 jackals
  13 kobolds
  4 quokkas
  A frilled lizard (D:1)
  2 rats (D:1)
90 creatures vanquished.

Notes
Turn   | Place    | Note
-------+----------+-------------------------------------------
     0 | D:1      | Mrkan the Centaur Hunter began the quest for the Orb.
     0 | D:1      | Reached XP level 1. HP: 17/17 MP: 1/1
   327 | D:1      | Reached XP level 2. HP: 24/24 MP: 2/2
   508 | D:1      | Reached skill level 6 in Bows
  1279 | D:1      | Reached XP level 3. HP: 30/30 MP: 3/3
  2096 | D:2      | Reached XP level 4. HP: 37/37 MP: 4/4
  2352 | D:3      | Reached skill level 7 in Bows
  2516 | D:3      | Noticed Sigmund
  2606 | D:3      | Killed Sigmund
  2606 | D:3      | Reached skill level 8 in Bows
  2606 | D:3      | Reached XP level 5. HP: 27/46 MP: 5/5
  2713 | D:3      | Found a runed translucent door.
  2763 | D:3      | Reached XP level 6. HP: 33/52 MP: 6/6
  2912 | D:3      | Noticed Jessica
  2917 | D:3      | Killed Jessica
  3233 | D:3      | Noticed Ijyb
  3249 | D:3      | Killed Ijyb
  3249 | D:3      | Reached skill level 9 in Bows
  3638 | D:3      | Noticed a yak
  3638 | D:3      | Noticed Mrkan's ghost (amateur MiFi)
  3836 | D:4      | Reached XP level 7. HP: 60/60 MP: 7/7
  3980 | D:4      | Reached skill level 10 in Bows
  4275 | D:4      | Slain by a sky beast

Skill      XL: |  1  2  3  4  5  6  7 |
---------------+----------------------+-----
Bows           | 6 8 9 10 | 10.0
Fighting       | 3 4 |  4.9
Dodging        | |  1.3
Stealth        | |  0.5

Action                   |  1- 3 |  4- 6 |  7- 9 || total
-------------------------+-------+-------+-------++-------
Melee: Short sword       |   144 |    32 |    27 ||   203
       Kick              |    34 |     7 |     3 ||    44
 Fire: Shortbow          |       |   117 |    44 ||   161
  Eat: Chunk             |     3 |     4 |     1 ||     8
Armor: Leather armour    |    45 |       |       ||    45
       Plate armour      |   106 |    46 |    32 ||   184
Dodge: Dodged            |    68 |     9 |     3 ||    80
